| TOP OF THE 1ST |
|
Salinas Fire Frogs batting - Pitching for Stockton Mariners : RHP Larry Ferst
|
|
Pitching: RHP Larry Ferst
|
|
|
Batting: RHB Bobby Morin
|
0-0: Ball 1-0: Ball 2-0: Ball 3-0: Base on Balls
|
|
Batting: RHB Carlos Urias
|
0-0: Ball 1-0: Fly out, F8 (Flyball, 8LXD, EV 103.1 MPH)
|
|
Batting: RHB Marlin McPhail
|
0-0: Ball 1-0: Called Strike 1-1: Foul Ball, location: 2F 1-2: Grounds into double play, 4-6-3 (Groundball, 4, EV 110.0 MPH)
|
| Top of the 1st over - 0 runs, 0 hits, 0 errors, 0 left on base; Salinas 0 - Stockton 0 |
| BOTTOM OF THE 1ST |
|
Stockton Mariners batting - Pitching for Salinas Fire Frogs : LHP Manny Villanueba
|
|
Pitching: LHP Manny Villanueba
|
|
|
Batting: LHB Harold Perkins
|
0-0: Called Strike 0-1: Ball 1-1: Swinging Strike 1-2: Ball 2-2: TRIPLE (Flyball, 89XD, EV 91.9 MPH)
|
|
Batting: LHB Ricky Nelson
|
0-0: Ball 1-0: Ground out 4-3 (Groundball, 13, EV 83.1 MPH) Harold Perkins scores
|
|
Batting: LHB Marvin Ward
|
0-0: Ball 1-0: Ball 2-0: Ball 3-0: Foul Ball, location: 2F 3-1: Foul Ball, location: 2F 3-2: Foul Ball, location: 2F 3-2: Base on Balls
|
|
Batting: LHB David Cawthon
|
0-0: Ball 1-0: Foul Ball, location: 2F 1-1: SINGLE (Groundball, 6D, EV 95.6 MPH) Marvin Ward to second
|
|
Batting: SHB Eddie Tanner
|
0-0: Ball 1-0: Ball 2-0: Called Strike 2-1: Ball 3-1: Grounds into double play, 6-4-3 (Groundball, 6, EV 102.5 MPH)
|
| Bottom of the 1st over - 1 run, 2 hits, 0 errors, 1 left on base; Salinas 0 - Stockton 1 |
| TOP OF THE 2ND |
|
Salinas Fire Frogs batting - Pitching for Stockton Mariners : RHP Larry Ferst
|
|
Batting: LHB Daryl Pitts
|
0-0: Ball 1-0: Ball 2-0: Ball 3-0: Called Strike 3-1: Swinging Strike 3-2: Fly out, F8 (Flyball, 89M, EV 75.6 MPH)
|
|
Batting: LHB Kent Keiser
|
0-0: Swinging Strike 0-1: Foul Ball, location: 2F 0-2: Foul Ball, location: 2F 0-2: Ball 1-2: Fly out, F6 (Flyball, 56D, EV 88.8 MPH)
|
|
Batting: RHB Fernando Olivero
|
0-0: Foul Ball, location: 2F 0-1: Ground out 2-3 (Groundball, 2L, EV 68.8 MPH)
|
| Top of the 2nd over - 0 runs, 0 hits, 0 errors, 0 left on base; Salinas 0 - Stockton 1 |
| BOTTOM OF THE 2ND |
|
Stockton Mariners batting - Pitching for Salinas Fire Frogs : LHP Manny Villanueba
|
|
Batting: LHB Marty Pevey
|
0-0: Ball 1-0: Ball 2-0: Fly out, F7 (Flyball, 7D, EV 99.4 MPH)
|
|
Batting: LHB Joe Perna
|
0-0: Called Strike 0-1: Ball 1-1: Foul Ball, location: 2F 1-2: DOUBLE (Line Drive, 9LD, EV 109.4 MPH)
|
|
Batting: RHB Brian Greer
|
0-0: Swinging Strike 0-1: Ball 1-1: Swinging Strike 1-2: Strikes out looking
|
|
Batting: LHB Victor Gavidia
|
0-0: Ball 1-0: Foul Ball, location: 2F 1-1: Ground out U3 (Groundball, 3, EV 80.0 MPH)
|
| Bottom of the 2nd over - 0 runs, 1 hit, 0 errors, 1 left on base; Salinas 0 - Stockton 1 |
| TOP OF THE 3RD |
|
Salinas Fire Frogs batting - Pitching for Stockton Mariners : RHP Larry Ferst
|
|
Batting: RHB Jordan Chavez
|
0-0: SINGLE (Line Drive, 4MD, EV 94.4 MPH)
|
|
Batting: LHB Charles McGehee
|
0-0: Ball 1-0: Fly out, F8 (Flyball, 8LXD, EV 82.5 MPH)
|
|
Batting: RHB Therron Harper
|
0-0: Ball 1-0: Ball 2-0: Called Strike 2-1: SINGLE (Line Drive, 34D, EV 101.3 MPH) Jordan Chavez to second Runner from 2nd tries for 3rd, SAFE, no throw by RF
|
|
Batting: RHB Bobby Morin
|
0-0: SINGLE (Line Drive, 8RS, EV 93.8 MPH) Jordan Chavez scores Therron Harper to second Runner from 2nd tries for 3rd, SAFE, throw by CF made to third
|
|
Batting: RHB Carlos Urias
|
0-0: Ball 1-0: Ball 2-0: Called Strike 2-1: Swinging Strike 2-2: Ball 3-2: Strikes out swinging
|
|
Batting: RHB Marlin McPhail
|
0-0: Ball 1-0: Fly out, F7 (Flyball, 7, EV 71.3 MPH)
|
| Top of the 3rd over - 1 run, 3 hits, 0 errors, 2 left on base; Salinas 1 - Stockton 1 |
| BOTTOM OF THE 3RD |
|
Stockton Mariners batting - Pitching for Salinas Fire Frogs : LHP Manny Villanueba
|
|
Batting: LHB Harold Perkins
|
0-0: Foul Ball, location: 2F 0-1: Foul Ball, location: 2F 0-2: Ball 1-2: Ball 2-2: Foul Ball, location: 2F 2-2: Foul Ball, location: 2F 2-2: Foul Ball, location: 2F 2-2: Ball 3-2: SINGLE (Groundball, 6S, EV 72.5 MPH) (infield hit)
|
|
Batting: LHB Ricky Nelson
|
0-0: Called Strike 0-1: Swinging Strike 0-2: Foul Ball, location: 2F 0-2: Ball 1-2: Ball Harold Perkins steals 2nd base 2-2: Fly out, F9 (Flyball, 9LM, EV 90.6 MPH)
|
|
Batting: LHB Marvin Ward
|
0-0: Foul Ball, location: 2F 0-1: Foul Ball, location: 2F 0-2: Strikes out swinging
|
|
Batting: LHB David Cawthon
|
0-0: SINGLE (Line Drive, 9LM, EV 106.3 MPH) Harold Perkins to third Runner from 3rd tries for Home, SAFE, throw by RF to home David Cawthon to second
|
|
Batting: SHB Eddie Tanner
|
0-0: Foul Ball, location: 2F 0-1: Ball 1-1: Called Strike 1-2: Ball 2-2: Fly out, F9 (Flyball, 9D, EV 82.5 MPH)
|
| Bottom of the 3rd over - 1 run, 2 hits, 0 errors, 1 left on base; Salinas 1 - Stockton 2 |
| TOP OF THE 4TH |
|
Salinas Fire Frogs batting - Pitching for Stockton Mariners : RHP Larry Ferst
|
|
Batting: LHB Daryl Pitts
|
0-0: Foul Ball, location: 2F 0-1: Ball 1-1: DOUBLE (Line Drive, 9LM, EV 103.1 MPH)
|
|
Batting: LHB Kent Keiser
|
0-0: Fly out, F8 (Flyball, 8RM, EV 91.9 MPH)
|
|
Batting: RHB Fernando Olivero
|
0-0: Foul Ball, location: 2F 0-1: Fly out, F8 (Flyball, 8LD, EV 100.6 MPH) Runner from 2nd tags up, SAFE at 3rd with throw by CF
|
|
Batting: RHB Jordan Chavez
|
0-0: Fly out, F9 (Flyball, 9LM, EV 83.1 MPH)
|
| Top of the 4th over - 0 runs, 1 hit, 0 errors, 1 left on base; Salinas 1 - Stockton 2 |
| BOTTOM OF THE 4TH |
|
Stockton Mariners batting - Pitching for Salinas Fire Frogs : LHP Manny Villanueba
|
|
Batting: LHB Marty Pevey
|
0-0: Called Strike 0-1: Foul Ball, location: 2F 0-2: SINGLE (Groundball, 34D, EV 100.6 MPH)
|
|
Batting: LHB Joe Perna
|
0-0: Ball 1-0: Grounds into double play, 6-4-3 (Groundball, 6M, EV 105.0 MPH)
|
|
Batting: RHB Brian Greer
|
0-0: Called Strike 0-1: Ground out 5-3 (Groundball, 5, EV 81.9 MPH)
|
| Bottom of the 4th over - 0 runs, 1 hit, 0 errors, 0 left on base; Salinas 1 - Stockton 2 |
| TOP OF THE 5TH |
|
Salinas Fire Frogs batting - Pitching for Stockton Mariners : RHP Larry Ferst
|
|
Batting: LHB Charles McGehee
|
0-0: Called Strike 0-1: Fly out, F3 (Popup, 3, EV 65.0 MPH)
|
|
Batting: RHB Therron Harper
|
0-0: Called Strike 0-1: Foul Ball, location: 2F 0-2: Ball 1-2: Fly out, F7 (Flyball, 7LS, EV 92.5 MPH)
|
|
Batting: RHB Bobby Morin
|
0-0: Ball 1-0: Ground out 6-3 (Groundball, 6, EV 84.4 MPH)
|
| Top of the 5th over - 0 runs, 0 hits, 0 errors, 0 left on base; Salinas 1 - Stockton 2 |
| BOTTOM OF THE 5TH |
|
Stockton Mariners batting - Pitching for Salinas Fire Frogs : LHP Manny Villanueba
|
|
Batting: LHB Victor Gavidia
|
0-0: Fly out, F9 (Flyball, 89M, EV 91.9 MPH)
|
|
Batting: LHB Harold Perkins
|
0-0: Called Strike 0-1: Ball 1-1: Ball 2-1: Swinging Strike 2-2: Ground out 1-3 (Groundball, 34S, EV 73.8 MPH)
|
|
Batting: LHB Ricky Nelson
|
0-0: Called Strike 0-1: Ball 1-1: Ball 2-1: Ball 3-1: Foul Ball, location: 2F 3-2: Foul Ball, location: 2F 3-2: Base on Balls
|
|
Batting: LHB Marvin Ward
|
0-0: Foul Ball, location: 2F 0-1: Swinging Strike 0-2: Foul Ball, location: 2F 0-2: Ground out 4-3 (Groundball, 4, EV 85.0 MPH)
|
| Bottom of the 5th over - 0 runs, 0 hits, 0 errors, 1 left on base; Salinas 1 - Stockton 2 |
| TOP OF THE 6TH |
|
Salinas Fire Frogs batting - Pitching for Stockton Mariners : RHP Larry Ferst
|
|
Batting: RHB Carlos Urias
|
0-0: Foul Ball, location: 2F 0-1: Ball 1-1: Called Strike 1-2: Foul Ball, location: 2F 1-2: Foul Ball, location: 2F 1-2: SINGLE (Line Drive, 3D, EV 96.3 MPH)
|
|
Batting: RHB Marlin McPhail
|
0-0: Ball 1-0: Ball 2-0: Ball 3-0: Base on Balls Carlos Urias to second
|
|
Batting: LHB Daryl Pitts
|
0-0: Fly out, F2 (Popup, 3SF, EV 69.4 MPH)
|
|
Batting: LHB Kent Keiser
|
0-0: Ball 1-0: Ball 2-0: Foul Ball, location: 2F 2-1: Foul Ball, location: 2F 2-2: Ball 3-2: Foul Ball, location: 2F 3-2: SINGLE (Groundball, 34S, EV 61.3 MPH) (infield hit) Carlos Urias to third Marlin McPhail to second
|
|
Batting: RHB Fernando Olivero
|
0-0: Called Strike 0-1: Grounds into fielders choice 6-2 (Groundball, 6, EV 106.9 MPH) Marlin McPhail to third Kent Keiser to second
|
|
Batting: RHB Jordan Chavez
|
0-0: Ball 1-0: Ball 2-0: Called Strike 2-1: Called Strike 2-2: Strikes out swinging
|
| Top of the 6th over - 0 runs, 2 hits, 0 errors, 3 left on base; Salinas 1 - Stockton 2 |
| BOTTOM OF THE 6TH |
|
Stockton Mariners batting - Pitching for Salinas Fire Frogs : LHP Manny Villanueba
|
|
Batting: LHB David Cawthon
|
0-0: Called Strike 0-1: Foul Ball, location: 2F 0-2: Reached on error, E6 (Flyball, 56D, EV 83.8 MPH)
|
|
Batting: SHB Eddie Tanner
|
0-0: Foul Ball, location: 2F 0-1: Ball 1-1: DOUBLE (Flyball, 3D, EV 93.8 MPH) David Cawthon to third
|
|
Batting: LHB Marty Pevey
|
0-0: Intentional Walk
|
|
Batting: LHB Joe Perna
|
0-0: Foul Ball, location: 2F 0-1: Ball 1-1: Ball 2-1: Ball 3-1: SINGLE (Flyball, 4D, EV 96.9 MPH) David Cawthon scores Eddie Tanner to third Marty Pevey to second
|
|
Batting: RHB Brian Greer
|
0-0: Called Strike 0-1: Ball 1-1: Fly out, F6 (Popup, 6MS, EV 80.6 MPH)
|
|
Batting: LHB Victor Gavidia
|
0-0: Ball 1-0: Ball 2-0: Grounds into fielders choice 6-2 (Groundball, 6MS, EV 67.5 MPH) Marty Pevey to third Joe Perna to second
|
|
Batting: LHB Harold Perkins
|
0-0: Foul Ball, location: 2F 0-1: Ground out 4-3 (Groundball, 4D, EV 105.6 MPH)
|
| Bottom of the 6th over - 1 run, 2 hits, 1 error, 3 left on base; Salinas 1 - Stockton 3 |
| TOP OF THE 7TH |
|
Salinas Fire Frogs batting - Pitching for Stockton Mariners : RHP Larry Ferst
|
|
Batting: LHB Charles McGehee
|
0-0: Ball 1-0: DOUBLE (Line Drive, 7LS, EV 109.4 MPH)
|
|
Batting: RHB Therron Harper
|
0-0: Ball 1-0: Ball 2-0: Foul Ball, location: 2F 2-1: Foul Ball, location: 2F 2-2: Strikes out swinging
|
|
Batting: RHB Bobby Morin
|
0-0: Called Strike 0-1: Fly out, F9 (Flyball, 89D, EV 97.5 MPH) Runner from 2nd tags up, SAFE at 3rd, no throw by RF
|
|
Batting: RHB Carlos Urias
|
0-0: Foul Ball, location: 2F 0-1: Ball 1-1: Ball 2-1: Ball 3-1: Base on Balls
|
|
Batting: RHB Marlin McPhail
|
0-0: Ground out 1-3 (Groundball, P, EV 72.5 MPH)
|
| Top of the 7th over - 0 runs, 1 hit, 0 errors, 2 left on base; Salinas 1 - Stockton 3 |
| BOTTOM OF THE 7TH |
|
Stockton Mariners batting - Pitching for Salinas Fire Frogs : LHP Manny Villanueba
|
|
Batting: LHB Ricky Nelson
|
0-0: Ground out 4-3 (Groundball, 34, EV 93.8 MPH)
|
|
Batting: LHB Marvin Ward
|
0-0: Swinging Strike 0-1: Called Strike 0-2: Ball 1-2: Fly out, F7 (Flyball, 7LM, EV 80.6 MPH)
|
|
Batting: LHB David Cawthon
|
0-0: Ball 1-0: Ball 2-0: Called Strike 2-1: Called Strike 2-2: Ball 3-2: Strikes out swinging
|
| Bottom of the 7th over - 0 runs, 0 hits, 0 errors, 0 left on base; Salinas 1 - Stockton 3 |
| TOP OF THE 8TH |
|
Salinas Fire Frogs batting - Pitching for Stockton Mariners : RHP Larry Ferst
|
|
Batting: LHB Daryl Pitts
|
0-0: Fly out, F9 (Line Drive, 9, EV 98.1 MPH)
|
|
Batting: LHB Kent Keiser
|
0-0: Called Strike 0-1: Foul Ball, location: 2F 0-2: Ball 1-2: SINGLE (Flyball, 34D, EV 83.8 MPH)
|
|
Batting: RHB Fernando Olivero
|
0-0: Fly out, F7 (Flyball, 7S, EV 78.1 MPH)
|
|
Batting: RHB Jordan Chavez
|
0-0: Ball 1-0: Ball 2-0: Swinging Strike 2-1: Ball 3-1: Swinging Strike 3-2: 2-RUN HOME RUN (Flyball, 7LD, EV 102.5 MPH), Distance : 371 ft
|
|
Batting: LHB Charles McGehee
|
0-0: Ball 1-0: Fly out, F9 (Flyball, 89D, EV 90.6 MPH)
|
| Top of the 8th over - 2 runs, 2 hits, 0 errors, 0 left on base; Salinas 3 - Stockton 3 |
| BOTTOM OF THE 8TH |
|
Stockton Mariners batting - Pitching for Salinas Fire Frogs : LHP Manny Villanueba
|
|
Batting: SHB Eddie Tanner
|
0-0: Ball 1-0: Ball 2-0: Swinging Strike 2-1: Fly out, F8 (Flyball, 89D, EV 96.9 MPH)
|
|
Batting: LHB Marty Pevey
|
0-0: Fly out, F9 (Flyball, 9LS, EV 91.3 MPH)
|
|
Batting: LHB Joe Perna
|
0-0: SINGLE (Line Drive, 4MD, EV 103.1 MPH)
|
|
Batting: RHB Brian Greer
|
0-0: Ball 1-0: Ball 2-0: Ball 3-0: Called Strike 3-1: SINGLE (Groundball, 5S, EV 66.9 MPH) (infield hit) Joe Perna to second
|
|
Batting: LHB Victor Gavidia
|
0-0: Ball 1-0: Called Strike 1-1: Swinging Strike 1-2: SINGLE (Groundball, 4MD, EV 102.5 MPH) Joe Perna to third Brian Greer to second Runner from 3rd tries for Home, SAFE, throw by CF to home
|
|
Batting: LHB Harold Perkins
|
0-0: Ball 1-0: Called Strike 1-1: SINGLE (Line Drive, 9LS, EV 99.4 MPH) Brian Greer to third Victor Gavidia to second Runner from 3rd tries for Home, SAFE, throw by RF to home
|
|
Batting: LHB Ricky Nelson
|
0-0: Ball 1-0: Swinging Strike 1-1: Ball 2-1: Fly out, F8 (Flyball, 8LS, EV 85.0 MPH)
|
| Bottom of the 8th over - 2 runs, 4 hits, 0 errors, 2 left on base; Salinas 3 - Stockton 5 |
| TOP OF THE 9TH |
|
Salinas Fire Frogs batting - Pitching for Stockton Mariners : RHP Larry Ferst
|
|
Pitching: LHP Robert Alsup
|
|
|
Now at 1B: Duane Evans
|
|
|
Now at 2B: Paul Plinski
|
|
|
Now at 3B: William Butler
|
|
|
Batting: RHB Therron Harper
|
0-0: Called Strike 0-1: Ball 1-1: Fly out, F9 (Flyball, 89S, EV 90.0 MPH)
|
|
Batting: RHB Bobby Morin
|
0-0: Ball 1-0: Called Strike 1-1: Ground out 5-3 (Groundball, 56, EV 86.3 MPH)
|
|
Batting: RHB Carlos Urias
|
0-0: Ball 1-0: Ball 2-0: Ground out 4-3 (Groundball, 34, EV 101.9 MPH)
|
| Top of the 9th over - 0 runs, 0 hits, 0 errors, 0 left on base; Salinas 3 - Stockton 5 |
|